 Dungeon Crawl Stone Soup version 0.28-a0-476-g0f06bd746f (webtiles) character file.

Game seed: 16245768437673647948

0 spiderkeys the Skirmisher (level 1, -1/16 HPs)
             Began as an Octopode Abyssal Knight on Sept 17, 2021.
             Was a Follower of Lugonu.
             Killed from afar by a raiju (17 damage)
             ... with a living lightning
             ... on level 3 of the Abyss.
             The game lasted 00:00:25 (184 turns).

spiderkeys the Skirmisher (Octopode Abyssal Knight)  Turns: 184, Time: 00:00:25

Health: -1/16      AC:  1    Str:  9 (11) XL:     1   Next: 0%
Magic:  2/2        EV: 13    Int: 12 (14) God:    Lugonu [*.....]
Gold:   26         SH:  0    Dex:  9 (11) Spells: 0/0 levels left

rFire   . . .      SeeInvis .   a - +1 spear
rCold   . . .      Faith    .   (no shield)
rNeg    . . .      Spirit   .   (helmet restricted)
rPois   .          Reflect  .   (no amulet)
rElec   .          Harm     .   (no ring)
rCorr   .          Rampage  .   (no ring)
Will    .....                   (no ring)
Stlth   ++........              (no ring)
HPRegen 0.05/turn               (no ring)
MPRegen 0.08/turn               (no ring)
                                (no ring)
                                (no ring)

@: no status effects
A: almost no armour, amphibious, 8 rings, camouflage 1, gelatinous body 1,
(nimble swimmer 1), tentacles
a: Renounce Religion, Depart the Abyss


You were on level 3 of the Abyss.
You worshipped Lugonu.
Lugonu was aware of your devotion.
You visited 0 branches of the dungeon, and saw 0 of its levels.
You visited the Abyss 1 time.

You collected 26 gold pieces.


Innate Abilities, Weirdness & Mutations

You cannot wear most types of armour.
You are amphibious.
You can wear up to eight rings at the same time.
Your skin changes colour to match your surroundings (Stealth+).
Your rubbery body absorbs attacks. (AC +1, EV +1)
((You are camouflaged near water. (Stealth+)))
You have tentacles for arms and can constrict up to eight enemies at once.


   Skills:
 + Level 3.0 Fighting
 + Level 2.0 Polearms
 + Level 2.3 Dodging
 + Level 2.0 Invocations


You couldn't memorise any spells.
You didn't know any spells.
Your spell library was empty.

Inventory:

Hand Weapons
 a - a +1 spear (weapon)

Dungeon Overview and Level Annotations

Branches:
Dungeon (0/15)

Altars:

# .##... .#. ..
#.##.$##......#
##.#
#...#......#.#
##.)#
#......#...#..
#.#@###....###.
#... #...)......##
.#..
.#h#.###.#..#...#
.# ...#X.........
.. ##.h h#....###
.#....
#...#.....#####.
.. #..h#.#.....
...##.##
#..##.......##...#
. #.###.
.#.....##.#. ..


You could see a tentacled starspawn and 4 raiju.


Message History

🤖 Initializing magus.rc ...
Options error: Delay interrupt name "hungry" not recognised. (~/.crawlrc:4988) ✅ Successfully initialized magus.rc [v1.9.10] Welcome, spiderkeys the Octopode Abyssal Knight.
It is said that the Orb of Zot exists deep within this dungeon.
Lugonu says: Depart the Abyss and spread corruption, my servant! (use the ability menu to exit the Abyss) Press ? for a list of commands and other information.
Found a corrupted altar of Lugonu.
Found a gateway leading deeper into the Abyss.
There is a gateway leading deeper into the Abyss here.
You plunge deeper into the Abyss.
You now have 26 gold pieces.
b - a murky red potion It was a potion of degeneration.
There was something very wrong with that liquid.
You feel weakened.
You feel dopey.
You feel clumsy.
A rakshasa comes into view. It is wielding a +0 long sword.
Unknown command.
A rakshasa is nearby!
A wretched star comes into view.
A tentacled starspawn comes into view.
A five-headed hydra skeleton comes into view.
Found a gateway leading deeper into the Abyss.
Tentacles burst from the starspawn's body! 2 starspawn tentacles come into view.
There is a gateway leading deeper into the Abyss here.
You plunge deeper into the Abyss.
The abyssal rune of Zot can be found at this depth.
Found a gateway leading deeper into the Abyss.
A tentacled starspawn comes into view.
A raiju comes into view.
The raiju barks!
You hear a bark! x2
You hear a bark! 3 raiju come into view.
The raiju barks! x2
Tentacles burst from the starspawn's body! 2 starspawn tentacles come into view.
The raiju bursts into living lightning!
The living lightning hits the raiju.
The raiju completely resists.
The living lightning hits the raiju.
The raiju completely resists.
The living lightning hits you!
Ouch! That really hurt!
You die...

Action                   || total
-------------------------++-------
  Use: Potion            ||     1

Levels and vault maps discovered:
Abyss:3:  base:
Temple

Notes
Turn   | Place    | Note
-------+----------+-------------------------------------------
     0 | Abyss:1  | spiderkeys the Octopode Abyssal Knight began the quest for
                  | the Orb.
     0 | Abyss:1  | Reached XP level 1. HP: 16/16 MP: 2/2
     0 | Abyss:1  | magus.rc [v1.9.10]
   132 | Abyss:2  | Noticed a rakshasa
   143 | Abyss:2  | Noticed a wretched star
   146 | Abyss:2  | Noticed a tentacled starspawn
   148 | Abyss:2  | Noticed a five-headed hydra skeleton
   177 | Abyss:3  | Noticed a tentacled starspawn
   179 | Abyss:3  | Noticed a raiju
   181 | Abyss:3  | Noticed a raiju
   181 | Abyss:3  | Noticed a raiju
   181 | Abyss:3  | Noticed a raiju
   184 | Abyss:3  | Killed from afar by a raiju

Vanquished Creatures (others)
  4 starspawn tentacles
4 creatures vanquished.

Table legend:
 A = Non-vault XP
 B = Vault XP
 C = Vault XP percentage of total XP
 D = Non-vault monster count
 E = Vault monster count
 F = Vault count percentage of total count
                 A         B        C        D         E       F
            +---------+---------+-------+---------+---------+-------
      Total |       0 |       0 |   N/A |       0 |       0 |  -nan
            +---------+---------+-------+---------+---------+-------
            +---------+---------+-------+---------+---------+-------

Illustrated notes

Table legend: (Time is in decaauts)
 A = Elapsed time spent in this place.
 B = Non-inter-level travel time spent in this place.
 C = Inter-level travel time spent in this place.
 D = Time resting spent in this place.
 E = Time spent auto-exploring this place.
 F = Levels seen in this place.
 G = Mean time per level.
                   A        B        C        D        E       F      G
               +--------+--------+--------+--------+--------+-----+--------+
         Total |    183 |    183 |      0 |      0 |    127 |   3 |   61.0 |
         Abyss |    183 |    183 |      0 |      0 |    127 |   3 |   61.0 |
               +--------+--------+--------+--------+--------+-----+--------+

Top non-repeatable levels by time:
 Abyss:2: 138 daAuts
 Abyss:3: 22 daAuts
 Abyss:1: 22 daAuts
